 Dungeon Crawl Stone Soup version 0.25-a0-41-g6cf4ce537d (webtiles) character file.

Game seed: 13352392162154157993, levelgen mode: deterministic

185 Chiseanne the Skirmisher (level 5, -6/41 HPs)
             Began as a Demonspawn Wanderer on Oct 21, 2019.
             Mangled by an ogre
             ... wielding a +0 giant club
              (25 damage)
             ... on level 4 of the Dungeon.
             The game lasted 00:08:40 (3669 turns).

Chiseanne the Skirmisher (Demonspawn Wanderer)      Turns: 3669, Time: 00:08:41

Health: -6/41      AC:  2    Str: 12    XL:     5   Next: 37%
Magic:  17/17      EV: 18    Int: 15    God:
Gold:   144        SH:  0    Dex: 19    Spells: 5/8 levels left

rFire    . . .     SeeInvis .   a - +2 dagger
rCold    + . .     Gourm    .   (no shield)
rNeg     . . .     Faith    .   e - +0 robe
rPois    .         Spirit   .   (helmet restricted)
rElec    .         Reflect  .   (no cloak)
rCorr    .         Harm     .   (no gloves)
MR       .....                  (no boots)
Stlth    ++++......             t - amulet of magic regeneration
HPRegen  0.13/turn              p - ring of magical power
MPRegen  0.40/turn              (no ring)

@: agile
A: horns 1, thin skeletal structure 1, cold resistance 1, powered by pain 1
a: no special abilities


You were on level 4 of the Dungeon.
You were not hungry.

You visited 1 branch of the dungeon, and saw 4 of its levels.

You collected 144 gold pieces.

Inventory:

Hand Weapons
 a - a +2 dagger (weapon)
 d - a +0 mace
 q - a +0 hunting sling of velocity
 s - a +0 club
 w - a +0 hunting sling of freezing
Missiles
 g - 114 stones (quivered)
 i - 54 arrows
 j - 8 sling bullets
 r - 51 bolts
 x - 4 boomerangs
Armour
 e - a +0 robe (worn)
 n - a +1 shield of protection
Jewellery
 p - a ring of magical power (left hand)
 t - an amulet of magic regeneration (around neck)
Scrolls
 k - a scroll of teleportation
 v - a scroll of remove curse
 y - a scroll of enchant armour
Potions
 h - a potion of flight {unknown}
 m - a potion of heal wounds {unknown}
 u - 2 potions of might {unknown}
 z - 2 potions of curing {unknown}
 B - a potion of degeneration {unknown}
Comestibles
 b - 3 chunks of flesh
 f - 5 rations


   Skills:
 * Level 3.2 Fighting
   Level 1.7 Long Blades
 * Level 2.5 Dodging
 * Level 2.7 Stealth
 * Level 2.2 Spellcasting
 * Level 0.3 Conjurations
   Level 1.0 Hexes
   Level 1.1 Necromancy
 * Level 1.4 Earth Magic


You had 5 spell levels left.
You knew the following spells:

 Your Spells              Type           Power        Failure   Level  Hunger
a - Stone Arrow           Conj/Erth      #.....       41%         3    ###....

Your spell library contained the following spells:

 Spells                   Type           Power        Failure   Level  Hunger
 Sandblast                Erth           #.....       12%         1    #......


Dungeon Overview and Level Annotations

Branches:
Dungeon (4/15)
 Temple: D:4-7

Altars:
Zin

Shops:
D:4 [

Annotations:
D:3 exclusion: 2 gnolls


Innate Abilities, Weirdness & Mutations

You have a pair of small horns on your head.
You have a somewhat thin skeletal structure. (Dex +2, Stealth)
Your flesh is cold resistant. (rC+)
You sometimes gain a little power by taking damage.


Message History

You headbutt the ogre, but do no damage.
The ogre is severely wounded.
The ogre misses you.
You hit the ogre. You headbutt the ogre.
The ogre is severely wounded.
The ogre completely misses you.
You hit the ogre. You headbutt the ogre.
The ogre is almost dead.
The ogre hits you with a +0 giant club!!
Ouch! That really hurt!
You hit the ogre.
The ogre is almost dead.
You hit the ogre.
The ogre is almost dead.
The ogre misses you.
You barely miss the ogre.
The ogre is almost dead.
The ogre hits you with a +0 giant club!!
Ouch! That really hurt!
You die...

## .# .# ∩# . ..
.# .# .## .. ..##
..#8##...#
#.#....#
#.#..####( .
###(@O.(.(.( l..
#....#.######$..#
#.##.#.####.o.#
#.##.#.....(#
##.#.....#####
#..#....##
#.##÷...#
######..)....#
##....÷.##....#


You could see an ogre.

Vanquished Creatures
  A hound (D:4)
  Natasha (thrice) (D:2)
  2 worms
  2 dart slugs
  2 leopard geckos
  5 orcs
  4 giant cockroaches
  7 goblins
  9 hobgoblins
  9 kobolds
  A quokka (D:2)
  2 ball pythons
  5 bats
  2 frilled lizards (D:1)
  7 rats
61 creatures vanquished.

Notes
Turn   | Place    | Note
-------+----------+-------------------------------------------
     0 | D:1      | Chiseanne the Demonspawn Wanderer began the quest for the
                  | Orb.
     0 | D:1      | Chiseanne set off with the following items: a +2 dagger, a
                  | potion of berserk rage, a +0 falchion, a +0 robe, a ration;
                  | and the following spell memorised: Sandblast; and the
                  | following spells available to memorise: Stone Arrow
     0 | D:1      | Reached XP level 1. HP: 16/16 MP: 2/2
   274 | D:1      | Gained mutation: You have a somewhat thin skeletal
                  | structure. (Dex +2, Stealth) [demonic ancestry]
   274 | D:1      | Reached XP level 2. HP: 13/23 MP: 3/3
   989 | D:2      | Gained mutation: Your flesh is cold resistant. (rC+)
                  | [demonic ancestry]
   989 | D:2      | Reached XP level 3. HP: 18/28 MP: 4/4
  1105 | D:2      | Learned a level 3 spell: Stone Arrow
  1904 | D:2      | Noticed Natasha
  1918 | D:2      | Killed Natasha
  1918 | D:2      | Gained mutation: You sometimes gain a little power by
                  | taking damage. [demonic ancestry]
  1918 | D:2      | Reached XP level 4. HP: 22/34 MP: 6/6
  1965 | D:2      | Noticed Natasha
  2178 | D:2      | Found a glowing silver altar of Zin.
  2455 | D:2      | Killed Natasha
  2455 | D:2      | Reached skill level 3 in Fighting
  2455 | D:2      | Reached skill level 1 in Earth Magic
  2655 | D:2      | Noticed Natasha
  2660 | D:2      | Killed Natasha
  2764 | D:3      | Gained mutation: You have a pair of small horns on your
                  | head. [demonic ancestry]
  2764 | D:3      | Reached XP level 5. HP: 41/41 MP: 8/8
  3571 | D:4      | Noticed an ogre
  3653 | D:4      | Found Waugunibb's Armour Shop.
  3669 | D:4      | Mangled by an ogre

Levels and vault maps discovered:
D:1:      beargit_arrival_greenhouse, layout_loops_ring
D:2:      layout_loops_cross, nicolae_overflow_crystal_walls,
          hangedman_decor_opposing, uniq_natasha
D:3:      layout_basic
D:4:      layout_rooms, serial_shops, shop_statue, uniq_crazy_yiuf_cottage

Skill      XL: |  1  2  3  4 |
---------------+-------------+-----
Stealth        | 2 |  2.7
Dodging        | 2 |  2.5
Fighting       | 3 |  3.2
Earth Magic    | 1 |  1.4
Spellcasting   | 2 |  2.2
Long Blades    | |  1.7
Conjurations   | |  0.3
Hexes          | |  1.0
Necromancy     | |  1.1

Action                   |  1- 3 |  4- 6 || total
-------------------------+-------+-------++-------
Melee: Dagger            |   134 |    44 ||   178
       Headbutt          |       |     9 ||     9
 Fire: Hunting sling     |       |    28 ||    28
Throw: Stone             |       |     1 ||     1
  Use: Scroll            |     6 |     3 ||     9
       Potion            |     1 |     3 ||     4
 Stab: Sleeping          |    10 |     1 ||    11
  Eat: Chunk             |     3 |     6 ||     9
Armor: Robe              |    16 |     2 ||    18
Dodge: Dodged            |    95 |    26 ||   121

Table legend:
 A = Non-vault XP
 B = Vault XP
 C = Vault XP percentage of total XP
 D = Non-vault monster count
 E = Vault monster count
 F = Vault count percentage of total count
                 A         B        C        D         E       F
            +---------+---------+-------+---------+---------+-------
      Total |     230 |      35 |  13.2 |      60 |       1 |   1.6
            +---------+---------+-------+---------+---------+-------
        D:1 |      37 |       0 |   0.0 |      22 |       0 |   0.0
        D:2 |     118 |      35 |  22.9 |      26 |       1 |   3.7
        D:3 |      16 |       0 |   0.0 |       6 |       0 |   0.0
        D:4 |      59 |       0 |   0.0 |       6 |       0 |   0.0
            +---------+---------+-------+---------+---------+-------
